 Dungeon Crawl Stone Soup version 0.28.0-53-g5a82cb258f (webtiles) character file.

Game seed: 5412468784412810837

33322 Zeld the Geomancer (level 13, -5/79 HPs)
             Began as a Gargoyle Earth Elementalist on May 21, 2022.
             Was an Elder of Vehumet.
             Killed from afar by Modestlyawesome's ghost (28 damage)
             ... with a stone arrow
             ... on level 2 of the Lair of Beasts.
             The game lasted 00:27:40 (25396 turns).

Zeld the Geomancer (Gargoyle Earth Elementalist)   Turns: 25396, Time: 00:27:41

Health: -5/79      AC: 16    Str: 16    XL:     13   Next: 70%
Magic:  10/27      EV: 14    Int: 26    God:    Vehumet [****..]
Gold:   433        SH:  0    Dex: 10    Spells: 17/32 levels left

rFire   + . .      SeeInvis .   a - +3 whip (venom)
rCold   + . .      Faith    .   (no shield)
rNeg    + . .      Spirit   .   b - +0 robe
rPois   ∞          Reflect  .   I - +2 helmet
rElec   +          Harm     .   w - scarf {rC+ rF+}
rCorr   +          Rampage  .   v - +1 pair of gloves "Aqoof" {rCorr Str+3}
Will    .....                   (no boots)
Stlth   ++........              (no amulet)
HPRegen 0.23/turn               l - ring of wizardry
MPRegen 0.20/turn               y - ring of Soapsir {rElec Int+6}

@: no status effects
A: sickness immunity, AC +9, negative energy resistance 1, electricity
resistance, torment resistance 1, petrification resistance
a: Renounce Religion


You were on level 2 of the Lair of Beasts.
You worshipped Vehumet.
Vehumet was greatly pleased with you.
You visited 3 branches of the dungeon, and saw 16 of its levels.

You collected 715 gold pieces.
You spent 282 gold pieces at shops.

Inventory:

Hand Weapons
 a - a +3 whip of venom (weapon)
 A - a +4 morningstar of electrocution
Missiles
 p - 308 stones
Armour
 b - a +0 robe (worn)
 v - the +1 pair of gloves "Aqoof" (worn) {rCorr Str+3}
   (You found it on level 10 of the Dungeon)

   Str:       It affects your strength (+3).
   rCorr:     It protects you from acid and corrosion.
 w - a scarf of resistance (worn)
 I - a +2 helmet (worn)
Jewellery
 l - a ring of wizardry (left hand)
 x - a ring of willpower
 y - the ring of Soapsir (right hand) {rElec Int+6}
   (You found it on level 8 of the Dungeon)

   [ring of intelligence]

   Int:       It affects your intelligence (+6).
   rElec:     It insulates you from electricity.
Wands
 g - a wand of flame (75)
 n - a wand of mindburst (23)
 t - a wand of paralysis (13)
 C - a wand of acid (5)
 D - a wand of polymorph (8)
 G - a wand of charming (5)
 L - a wand of iceblast (4)
Scrolls
 d - 3 scrolls of fear
 i - 3 scrolls of amnesia
 k - 3 scrolls of summoning
 r - a scroll of magic mapping
 s - 3 scrolls of teleportation
 E - a scroll of enchant armour
 H - a scroll of holy word
 M - a scroll of blinking
Potions
 c - 7 potions of curing {unknown}
 e - 5 potions of lignification {unknown}
 f - a potion of degeneration {unknown}
 h - 2 potions of might
 j - 4 potions of berserk rage {unknown}
 m - 3 potions of ambrosia {unknown}
 o - 5 potions of flight {unknown}
 q - 5 potions of heal wounds {unknown}
 u - 5 potions of haste {unknown}
 z - 2 potions of mutation {unknown}
 B - a potion of cancellation
 F - a potion of attraction {unknown}
 J - a potion of brilliance {unknown}
 K - 3 potions of magic {unknown}
 N - a potion of resistance {unknown}


   Skills:
 + Level 8.4 Fighting
 * Level 7.4 Maces & Flails
 + Level 6.8 Dodging
 - Level 2.1 Stealth
 * Level 10.4 Spellcasting
 + Level 8.0 Conjurations
 - Level 2.0 Transmutations
 * Level 13.6 Earth Magic
 * Level 7.3 Evocations


You had 17 spell levels left.
You knew the following spells:

 Your Spells              Type           Power      Damage    Failure   Level
a - Sandblast             Erth           100%       2d20      0%          1
b - Passwall              Tmut/Erth      43%        N/A       1%          2
c - Stone Arrow           Conj/Erth      100%       3d13      1%          3
d - Petrify               Tmut/Erth      52%        N/A       1%          4
e - Borgnjor's Vile Clut  Necr/Erth      24%        N/A       3%          5

Your spell library contained the following spells:

 Spells                   Type           Power      Damage    Failure   Level
 Inner Flame              Hex/Fire       13%        N/A       1%          3
 Pain                     Necr           52%        1d6       1%          1
 Wereblood                Tmut           23%        N/A       1%          2
 Animate Dead             Necr           6%         N/A       17%         4
 Alistair's Intoxication  Tmut/Pois      12%        N/A       32%         5
 Eringya's Noxious Bog    Tmut/Pois      9%         N/A       38%         6
 Agony                    Necr           13%        N/A       43%         5
 Excruciating Wounds      Necr           6%         N/A       43%         5
 Haunt                    Necr/Summ      6%         N/A       100%        7
 Summon Hydra             Summ           6%         N/A       100%        7
 Infestation              Necr           6%         N/A       100%        8
 Sublimation of Blood     Necr           Unusable   N/A       N/A         2

Dungeon Overview and Level Annotations

Branches:
Dungeon (13/15)            Temple (1/1) D:7            Lair (2/6) D:11
    Orc (0/2) D:11
  Swamp: Lair:2-4    Shoals: Lair:2-4     Snake: Lair:2-4    Spider: Lair:2-4
 Vaults: D:13-14

Altars:
Ashenzari
Cheibriados
Dithmenos
Elyvilon
Fedhas
Gozag
Hepliaklqana
Kikubaaqudgha
Makhleb
Nemelex Xobeh
Okawaru
Qazlal
Ru
Sif Muna
Trog
Uskayaw
Vehumet
Wu Jian
Xom
Yredelemnul
Zin
The Shining One

Shops:
D:2 *   D:6 ?   D:8 *   D:9 :

Annotations:
D:5 2 transporters, Shockd's ghost, amateur TeAE
D:7 2 runed translucent doors, Zeld's ghost, novice MfIE
Lair:2 Modestlyawesome's ghost, journeyman DsGl


Innate Abilities, Weirdness & Mutations

You are immune to sickness and miasma.
Your stone body is resilient. (AC +9)
You are immune to poison.
You resist negative energy. (rN+)
You are resistant to electric shocks. (rElec)
You are resistant to unholy torment.
You are immune to petrification.


Message History

Press: ? - help, Shift-Dir - straight line, f/p - Modestlyawesome's ghost
Aim: Modestlyawesome's ghost (72% to hit)
The stone arrow hits Modestlyawesome's ghost!
Modestlyawesome's ghost is lightly damaged.
Modestlyawesome's ghost gestures at you while chanting.
The stone arrow hits you!!
Casting: Stone Arrow (safe; 1% risk of failure)
Confirm with . or Enter, or press ? or * to list all spells.
Aiming: Stone Arrow (safe; 1% risk of failure)
Press: ? - help, Shift-Dir - straight line, f/p - Modestlyawesome's ghost
Aim: Modestlyawesome's ghost (lightly damaged, 72% to hit)
The stone arrow hits Modestlyawesome's ghost!
Modestlyawesome's ghost is moderately damaged.
Casting: Stone Arrow (safe; 1% risk of failure)
Confirm with . or Enter, or press ? or * to list all spells.
Aiming: Stone Arrow (safe; 1% risk of failure)
Press: ? - help, Shift-Dir - straight line, f/p - Modestlyawesome's ghost
Aim: Modestlyawesome's ghost (moderately damaged, 72% to hit)
The stone arrow hits Modestlyawesome's ghost!
Modestlyawesome's ghost is heavily damaged.
Unknown command.
Casting: Stone Arrow (safe; 1% risk of failure)
Confirm with . or Enter, or press ? or * to list all spells.
Aiming: Stone Arrow (safe; 1% risk of failure)
Press: ? - help, Shift-Dir - straight line, f/p - Modestlyawesome's ghost
Aim: Modestlyawesome's ghost (heavily damaged, 72% to hit)
The stone arrow hits Modestlyawesome's ghost but does no damage.
Modestlyawesome's ghost is heavily damaged.
Modestlyawesome's ghost casts a spell at you.
The stone arrow hits you!!
* * * LOW HITPOINT WARNING * * *
Casting: Stone Arrow (safe; 1% risk of failure)
Confirm with . or Enter, or press ? or * to list all spells.
Aiming: Stone Arrow (safe; 1% risk of failure)
Press: ? - help, Shift-Dir - straight line, f/p - Modestlyawesome's ghost
Aim: Modestlyawesome's ghost (heavily damaged, 72% to hit)
The stone arrow misses Modestlyawesome's ghost.
Modestlyawesome's ghost casts a spell at you.
The stone arrow hits you!!
You die...

#......## ##...## #....#
###.....## #....######....##
#........# #.>.............#
#........## #..............P#
##.........# #......##..#.<.##
#........########.....#####..(#
#.#......#.(..8#....### #...#
#.##....##.(...#.....# #...#
####...###...(.W@...## ##...#
###P# #(....'....## #....## ###
#..(..'.....# ###..P#
#$...♣#..<### #...## ###
#.....#..## #...# #
##.###########.### #...#
#####.###.###...#....### ##...##
..#..........###.....#.###....P#
....^.........####..#.###....###


You could see Modestlyawesome's ghost.

Vanquished Creatures
  6 hydras
  A death knight (D:12)
  A centaur warrior (D:8)
  5 two-headed ogres
  Sonja (D:11)
  Pikel (D:4)
  An ugly thing (D:8)
  4 cyclopes
  6 manticores
  4 elephants
  2 centaur zombies (D:11)
  3 cane toads
  A rime drake (Lair:2)
  An efreet (D:8)
  2 komodo dragons (D:12)
  5 trolls
  A polar bear (Lair:1)
  A hornet (D:7)
  5 blink frogs
  Prince Ribbit (D:7)
  8 slime creatures (D:12)
  3 shadows
  A spriggan (shapeshifter) (D:8)
  A vampire (D:8)
  2 wraiths
  4 wyverns
  2 basilisks (Lair:2)
  29 yaks
  A golden eye (shapeshifter) (D:8)
  3 vampire mosquitoes (D:10)
  2 steam dragons
  Menkaure (D:4)
  3 wargs (D:10)
  11 water moccasins
  4 orc warriors
  3 black bears
  A necrophage (D:6)
  2 ice beasts
  4 centaurs
  2 lemures
  A kobold brigand (D:8)
  Blork the orc (D:4)
  10 bullfrogs
  2 scorpions
  A wyvern zombie (D:6)
  7 killer bees
  4 wights (D:8)
  An electric eel (Lair:2)
  A hound (D:6)
  Crazy Yiuf (D:7)
  2 gnoll shamans
  11 orc priests
  A jelly (D:6)
  A centaur skeleton (D:5)
  Ijyb (D:7)
  Terence (D:3)
  3 iguanas
  13 orc wizards
  A hound skeleton (D:4)
  2 howler monkey zombies (D:9)
  8 gnolls
  2 howler monkey skeletons
  3 adders
  A shadow imp (D:5)
  A white imp (D:5)
  A dart slug (D:2)
  38 orcs
  3 endoplasms
  2 giant cockroaches
  5 goblins
  4 hobgoblins
  3 quokkas
  3 ball pythons
  9 bats
  4 frilled lizards
  5 kobolds
  5 rats
301 creatures vanquished.

Vanquished Creatures (others)
  13 fungi (Lair:2)
  27 plants (Lair:2)
40 creatures vanquished.

Grand Total: 341 creatures vanquished

Notes
Turn   | Place    | Note
-------+----------+-------------------------------------------
     0 | D:1      | Zeld the Gargoyle Earth Elementalist began the quest for
                  | the Orb.
     0 | D:1      | Reached XP level 1. HP: 10/10 MP: 3/3
   623 | D:1      | Found a faded altar of an unknown god.
   742 | D:2      | Reached XP level 2. HP: 15/15 MP: 3/5
   745 | D:2      | Learned a level 2 spell: Passwall
   903 | D:2      | Reached skill level 1 in Transmutations
   936 | D:2      | Found Raaco Doo's General Store.
   944 | D:2      | Bought a potion of might for 48 gold pieces
  1308 | D:3      | Reached skill level 4 in Earth Magic
  1450 | D:3      | Noticed Terence
  1730 | D:2      | Reached XP level 3. HP: 2/20 MP: 0/6
  1734 | D:2      | Learned a level 3 spell: Stone Arrow
  2091 | D:3      | Reached skill level 1 in Fighting
  2114 | D:3      | Reached XP level 4. HP: 25/25 MP: 0/8
  2583 | D:4      | Noticed a scorpion
  2590 | D:4      | Killed a scorpion
  2591 | D:4      | Reached XP level 5. HP: 29/29 MP: 1/9
  2693 | D:4      | Noticed Ijyb
  2903 | D:4      | Found a radiant altar of Vehumet.
  2930 | D:4      | Became a worshipper of Vehumet
  3041 | D:4      | Noticed a lemure
  3050 | D:4      | Noticed a lemure
  3050 | D:4      | Noticed a lemure
  3069 | D:4      | Killed a lemure
  3807 | D:2      | Found Raaco Doo's General Store.
  3830 | D:2      | Killed a lemure
  4285 | D:3      | Killed Terence
  4286 | D:3      | Reached skill level 5 in Earth Magic
  4404 | D:4      | Noticed Pikel
  4406 | D:4      | Noticed a lemure
  4748 | D:4      | Noticed Blork the orc
  4750 | D:4      | Noticed Menkaure
  4782 | D:4      | Killed Blork the orc
  4783 | D:4      | Reached XP level 6. HP: 35/35 MP: 1/11
  4968 | D:4      | Killed Menkaure
  5043 | D:4      | Learned a level 4 spell: Petrify
  5238 | D:4      | Killed Pikel
  5239 | D:4      | Reached skill level 1 in Conjurations
  5239 | D:4      | Reached skill level 6 in Earth Magic
  5239 | D:4      | Reached XP level 7. HP: 20/41 MP: 0/14
  5239 | D:4      | Reached XP level 8. HP: 23/46 MP: 0/15
  5501 | D:5      | Entered Level 5 of the Dungeon
  6121 | D:5      | Reached skill level 7 in Earth Magic
  6253 | D:5      | Found a transporter.
  6256 | D:5      | Found a transporter.
  6257 | D:5      | Noticed Shockd's ghost (amateur TeAE)
  6260 | D:5      | Noticed a yak
  6260 | D:5      | Noticed a yak
  6261 | D:5      | Noticed a yak
  6261 | D:5      | Noticed a yak
  6261 | D:5      | Noticed a yak
  6263 | D:5      | Noticed a yak
  6265 | D:5      | Killed a yak
  6266 | D:5      | Reached skill level 5 in Spellcasting
  6309 | D:4      | Killed a yak
  6486 | D:5      | Killed a yak
  6506 | D:5      | Killed a yak
  6507 | D:5      | Reached skill level 8 in Earth Magic
  6536 | D:4      | Killed a yak
  6537 | D:4      | Reached XP level 9. HP: 22/52 MP: 0/17
  7370 | D:6      | Found Vaimaqem's Magic Scroll Emporium.
  7493 | D:2      | Bought a potion of cancellation for 96 gold pieces
  7558 | D:6      | Bought a scroll of identify for 24 gold pieces
  8470 | D:6      | Reached * piety under Vehumet
  8470 | D:6      | Offered knowledge of Freeze by Vehumet.
  8757 | D:7      | Noticed a hornet
  8964 | D:7      | Reached skill level 9 in Earth Magic
  9077 | D:7      | Killed Ijyb
  9080 | D:7      | Reached skill level 5 in Fighting
  9174 | D:7      | Noticed Prince Ribbit
  9179 | D:7      | Killed Prince Ribbit
  9333 | D:7      | Found a runed translucent door.
  9334 | D:7      | Noticed Crazy Yiuf
  9812 | D:7      | Killed a hornet
  9813 | D:7      | Reached XP level 10. HP: 58/59 MP: 7/20
  9937 | D:7      | Found a staircase to the Ecumenical Temple.
  9946 | Temple   | Entered the Ecumenical Temple
 10538 | D:7      | Found a large runed translucent door.
 10538 | D:7      | Found a large runed translucent door.
 10544 | D:7      | Noticed Zeld's ghost (novice MfIE)
 10780 | D:7      | Reached skill level 5 in Conjurations
 10881 | D:7      | Killed Crazy Yiuf
 10985 | D:6      | Bought a scroll of identify for 24 gold pieces
 10985 | D:6      | Bought a scroll of holy word for 90 gold pieces
 11266 | D:8      | Reached skill level 10 in Earth Magic
 11337 | D:8      | Found Anuv's General Store.
 11604 | D:8      | Reached skill level 1 in Evocations
 12109 | D:8      | Noticed a two-headed ogre
 12148 | D:8      | Killed a two-headed ogre
 12149 | D:8      | Reached skill level 1 in Maces & Flails
 12149 | D:8      | Reached skill level 5 in Dodging
 12425 | D:8      | Noticed a cyclops
 12431 | D:8      | Killed a cyclops
 12571 | D:8      | Noticed a centaur warrior
 12576 | D:8      | Killed a centaur warrior
 12957 | D:8      | Noticed a cyan ugly thing
 12963 | D:8      | Killed a cyan ugly thing
 12964 | D:8      | Reached XP level 11. HP: 57/65 MP: 4/23
 12968 | D:8      | Identified the ring of Soapsir {rElec Int+6}
 12975 | D:8      | Identified the +3 long sword of Hairisir {speed, rN+ Will-
                  | Str-5 Dex+9}
 13078 | D:8      | Reached ** piety under Vehumet
 13206 | D:8      | Offered knowledge of Static Discharge by Vehumet.
 13207 | D:8      | Reached skill level 11 in Earth Magic
 13433 | D:8      | Identified the ring "Ygiocoz" {rC+ Slay+2}
 14874 | D:9      | Offered knowledge of Conjure Flame by Vehumet.
 14977 | D:9      | Found Xehioliu's Book Emporium.
 15148 | D:9      | Noticed a two-headed ogre
 15156 | D:9      | Killed a two-headed ogre
 15359 | D:9      | Noticed a two-headed ogre
 15414 | D:9      | Killed a two-headed ogre
 15636 | D:10     | Entered Level 10 of the Dungeon
 15916 | D:10     | Identified the +1 pair of gloves "Aqoof" {rCorr Str+3}
 16737 | D:11     | Noticed Sonja
 16740 | D:11     | Killed Sonja
 16818 | D:11     | Noticed a cyclops
 16827 | D:11     | Killed a cyclops
 17178 | D:11     | Found a staircase to the Lair.
 17203 | D:10     | Reached XP level 12. HP: 50/72 MP: 18/24
 17671 | D:11     | Reached *** piety under Vehumet
 17729 | D:11     | Reached skill level 12 in Earth Magic
 17729 | D:11     | Reached skill level 5 in Evocations
 17801 | D:11     | Noticed a two-headed ogre
 17821 | D:11     | Killed a two-headed ogre
 18081 | D:11     | Noticed a two-headed ogre
 18084 | D:11     | Reached skill level 5 in Maces & Flails
 18113 | D:11     | Killed a two-headed ogre
 18337 | D:11     | Found a staircase to the Orcish Mines.
 19726 | D:12     | Noticed a death knight
 20869 | D:12     | Killed a death knight
 21663 | Lair:1   | Entered Level 1 of the Lair of Beasts
 21663 | Lair:1   | Noticed a five-headed hydra
 21669 | Lair:1   | Killed a five-headed hydra
 21670 | Lair:1   | Reached XP level 13. HP: 66/78 MP: 15/26
 21823 | D:11     | Reached skill level 13 in Earth Magic
 22360 | Lair:1   | You fall into a shaft and drop 1 floor!
 22377 | Lair:2   | Learned a level 5 spell: Borgnjor's Vile Clutch
 22452 | Lair:2   | Reached skill level 10 in Spellcasting
 22791 | Lair:1   | Offered knowledge of Fulminant Prism by Vehumet.
 23292 | Lair:1   | Identified the +9 scythe of Amorality {vorpal, Int+3}
 23372 | Lair:2   | Found a runed translucent gate.
 23372 | Lair:2   | Found a runed translucent gate.
 23372 | Lair:2   | Found a runed translucent gate.
 23373 | Lair:2   | Noticed Modestlyawesome's ghost (journeyman DsGl)
 24313 | Lair:2   | Reached **** piety under Vehumet
 24478 | Lair:2   | Offered knowledge of Inner Flame by Vehumet.
 25396 | Lair:2   | Killed from afar by Modestlyawesome's ghost

Illustrated notes

Levels and vault maps discovered:
D:1:      ncdulo_lavacross, layout_basic, shapermc_ecumenical_altar_ellora,
          chequers_garden
D:2:      layout_rooms, serial_shops, shop_fountains
D:3:      layout_basic, uniq_terence
D:4:      layout_rooms, mainiacjoe_overflow_surrounded_room, uniq_ijyb,
          uniq_menkaure, uniq_blork_the_orc, uniq_pikel
D:5:      layout_rooms, gammafunk_ghost_mausoleum
D:6:      layout_basic, nicolae_stop_n_shop_2, roderic_batcave,
          amcnicky_mini_rare_corridor_liquid
D:7:      layout_basic, minmay_temple_entry_glass, ebering_ghost_disaster_area,
          uniq_prince_ribbit1, uniq_crazy_yiuf_cottage
D:8:      layout_rooms, serial_shops, nicolae_shop_hallway_stairs,
          minmay_evil_grid
D:9:      layout_basic, nicolae_take_the_stairs
D:10:     layout_loops_ring, kennysheep_cross_bottleneck
D:11:     layout_irregular_city, erik_lair_orcish_takeover, orc_0_dummy,
          uniq_sonja
D:12:     layout_basic
D:13:     layout_basic, uniq_jorgrun
Temple:   mainiacjoe_temple_hex_bubbles
Lair:1:   layout_gridlike
Lair:2:   layout_concentric_octagons, ebering_ghost_rock_garden,
          chequers_serial_rivers_marsh, serial_bayou_shore_a

Skill      XL: |  1  2  3  4  5  6  7  8  9 10 11 12 13 |
---------------+----------------------------------------+-----
Transmutations | 1 2 |  2.0
Earth Magic    | 4 5 6 8 9 10 11 12 13 | 13.6
Fighting       | 1 2 3 4 5 6 7 8 |  8.4
Dodging        | 2 3 4 5 6 |  6.8
Spellcasting   | 3 4 5 7 8 9 10 | 10.4
Conjurations   | 1 3 4 5 6 7 8 |  8.0
Evocations     | 3 4 6 7 |  7.3
Maces & Flails | 2 4 6 7 |  7.4
Stealth        | |  2.1

Action                   |  1- 3 |  4- 6 |  7- 9 | 10-12 | 13-15 || total
-------------------------+-------+-------+-------+-------+-------++-------
Melee: Unarmed           |     2 |    17 |       |       |       ||    19
       Punch             |       |     1 |     1 |     2 |       ||     4
       Morningstar       |       |    17 |    40 |    40 |       ||    97
       Whip              |       |       |       |    72 |    36 ||   108
 Cast: Sandblast         |    58 |    24 |     2 |     2 |       ||    86
       Stone Arrow       |       |    40 |   102 |   301 |   138 ||   581
       Passwall          |       |     2 |       |       |       ||     2
       Petrify           |       |       |     4 |    21 |       ||    25
       Borgnjor's Vile C |       |       |       |       |     5 ||     5
Evoke: Wand              |       |     2 |       |       |       ||     2
  Use: Scroll            |       |       |     7 |     7 |     5 ||    19
 Stab: Petrified         |       |       |     5 |    29 |       ||    34
Armor: Robe              |     4 |    12 |    31 |    86 |    41 ||   174
Dodge: Dodged            |    18 |    53 |    56 |   149 |    62 ||   338
